 Dungeon Crawl Stone Soup version 0.28-a0-1159-g27aa881441 (webtiles) character file.

Game seed: 13116457397038284034

44 SensoryNuts the Skirmisher (level 3, 0/29 HPs)
             Began as a Demonspawn Fighter on Dec 15, 2021.
             Slain by Robin (3 damage)
             ... on level 2 of the Dungeon.
             The game lasted 00:01:17 (1176 turns).

SensoryNuts the Skirmisher (Demonspawn Fighter)     Turns: 1176, Time: 00:01:18

Health: 0/29       AC:  6    Str: 18    XL:     3   Next: 39%
Magic:  3/3        EV:  9    Int:  9    God:
Gold:   62         SH:  4    Dex: 12    Spells: 2/2 levels left

rFire   + . .      SeeInvis .   a - +0 trident
rCold   + . .      Faith    .   c - +0 buckler
rNeg    . . .      Spirit   .   b - +0 scale mail
rPois   .          Reflect  .   (helmet restricted)
rElec   .          Harm     .   e - scarf {rC+ rF+}
rCorr   .          Rampage  .   (no gloves)
Will    .....                   (no boots)
Stlth   ..........              (no amulet)
HPRegen 0.09/turn               (no ring)
MPRegen 0.08/turn               (no ring)

@: no status effects
A: antennae 1
a: no special abilities


You were on level 2 of the Dungeon.
You visited 1 branch of the dungeon, and saw 2 of its levels.

You collected 62 gold pieces.

Inventory:

Hand Weapons
 a - a +0 trident (weapon)
Armour
 b - a +0 scale mail (worn)
 c - a +0 buckler (worn)
 e - a scarf of resistance (worn)
Scrolls
 f - a scroll of teleportation
 g - a scroll of fog
 h - a scroll of blinking {unknown}
 i - 2 scrolls of magic mapping
Potions
 d - a potion of might


   Skills:
 + Level 3.2 Fighting
 + Level 2.2 Polearms
 + Level 3.1 Armour
 + Level 3.1 Shields


You had 2 spell levels left.
You didn't know any spells.
Your spell library contained the following spells:

 Spells                   Type           Power      Damage    Failure   Level
 Ensorcelled Hibernation  Hex/Ice        0%         N/A       91%         2
 Static Discharge         Conj/Air       0%         N/A       91%         2
 Dazzling Flash           Conj/Hex       0%         N/A       99%         3
 Tukima's Dance           Hex            0%         N/A       99%         3
 Dispel Undead            Necr           0%         3d6       100%        4
 Iskenderun's Mystic Bla  Conj/Tloc      0%         2d3       100%        4
 Sticky Flame             Conj/Fire      0%         2d3       100%        4
 Starburst                Conj/Fire      0%         6d3       100%        6


Dungeon Overview and Level Annotations

Branches:
Dungeon (2/15)

Altars:
Beogh

Annotations:
D:2 Robin


Innate Abilities, Weirdness & Mutations

You have a pair of small antennae on your head.


Message History

The goblin hits you but does no damage.
You hit the goblin.
You kill the goblin!
The hobgoblin hits you.
Things that are here:
a +0 dagger; a +0 club; a goblin corpse You hit the hobgoblin.
The hobgoblin is heavily wounded.
The hobgoblin hits you.
* * * LOW HITPOINT WARNING * * *
You hit the hobgoblin.
You kill the hobgoblin!
Robin barely misses you.
You hit Robin.
Robin is lightly wounded.
Robin hits you with a +0 falchion.
* * * LOW HITPOINT WARNING * * *
You hit Robin but do no damage.
Robin is lightly wounded.
Robin hits you with a +0 falchion.
* * * LOW HITPOINT WARNING * * *
You hit Robin.
Robin is heavily wounded.
You block Robin's attack.
You barely miss Robin.
Robin is heavily wounded.
You block Robin's attack.
You hit Robin.
Robin is heavily wounded.
Robin barely misses you.
Robin says, "My army is invincible!"
Robin hits you with a +0 falchion.
* * * LOW HITPOINT WARNING * * *
You hit Robin.
Robin is severely wounded.
Robin barely misses you.
You hit Robin.
Robin is almost dead.
Robin hits you with a +0 falchion.
You die...

####........#
#.#...(......
#.#..........
#.#..........
#.#..........
#........:...
#..#........#
#g.##g)....##
#@.###g#####
#..# .# #†.# g.
###..# #.#
#...## .# ####
#.#.# .# ....#
####.#.# gg
#..#####....#)#
#...#...####.#


You could see Robin.

Vanquished Creatures
  2 dart slugs (D:1)
  A ball python (D:1)
  4 bats
  3 endoplasms
  2 giant cockroaches
  12 goblins
  5 hobgoblins
  A frilled lizard (D:1)
30 creatures vanquished.

Notes
Turn   | Place    | Note
-------+----------+-------------------------------------------
     0 | D:1      | SensoryNuts the Demonspawn Fighter began the quest for the
                  | Orb.
     0 | D:1      | Reached XP level 1. HP: 18/18 MP: 1/1
   160 | D:1      | Gained mutation: You have a pair of small antennae on your
                  | head. [demonic ancestry]
   160 | D:1      | Reached XP level 2. HP: 17/24 MP: 2/2
   961 | D:1      | Found a faded altar of an unknown god.
  1096 | D:2      | Noticed Robin
  1099 | D:2      | Reached XP level 3. HP: 29/29 MP: 3/3
  1176 | D:2      | Slain by Robin

Illustrated notes

Levels and vault maps discovered:
D:1:      dpeg_arrival_three_same_balls, layout_basic, serial_glass,
          glass_columns_b, glass_columns_a,
          hellmonk_ecumenical_altar_defaced_shrine, grunt_decor_clamped
D:2:      layout_rooms, basic_altar, uniq_robin

Skill      XL: |  1  2 |
---------------+-------+-----
Shields        | 3 |  3.1
Armour         | 3 |  3.1
Polearms       | 2 |  2.2
Fighting       | |  3.2

Action                   || total
-------------------------++-------
Melee: Trident           ||   111
  Use: Scroll            ||     3
Armor: Scale mail        ||    50
Dodge: Dodged            ||    39
Block: Buckler           ||    29

Table legend: (Time is in decaauts)
 A = Elapsed time spent in this place.
 B = Non-inter-level travel time spent in this place.
 C = Inter-level travel time spent in this place.
 D = Time resting spent in this place.
 E = Time spent auto-exploring this place.
 F = Levels seen in this place.
 G = Mean time per level.
                   A        B        C        D        E       F      G
               +--------+--------+--------+--------+--------+-----+--------+
         Total |   1200 |   1102 |     98 |      0 |    871 |   2 |  600.0 |
       Dungeon |   1200 |   1102 |     98 |      0 |    871 |   2 |  600.0 |
               +--------+--------+--------+--------+--------+-----+--------+

Top non-repeatable levels by time:
     D:1: 1038 daAuts
     D:2: 162 daAuts
